 Dungeon Crawl Stone Soup version 0.17-a0-2171-ga91b4ec (webtiles) character file.

46 M4edhros the Charlatan (level 3, -3/23 HPs)
             Began as an Octopode Artificer on Oct 25, 2015.
             Slain by M4edhros's ghost (5 damage)
             ... on level 3 of the Dungeon.
             The game lasted 00:01:06 (780 turns).

M4edhros the Charlatan (Octopode Artificer)          Turns: 780, Time: 00:01:07

Health: -3/23      AC:  1    Str: 10    XL:     3   Next: 68%
Magic:  6/6        EV:  7    Int: 14    God:
Gold:   8          SH:  0    Dex: 13    Spells: 0 memorised, 2 levels left

rFire  . . .     SeeInvis .     a - +0 short sword
rCold  . . .     Clarity  .     (no shield)
rNeg   . . .     SustAt   .     (helmet restricted)
rPois  .         Gourm    .     (no amulet)
rElec  .         Spirit   .     (no ring)
rCorr  .         Warding  .     (no ring)
rMut   .         Stasis   .     (no ring)
MR     .....                    (no ring)
Stlth  ++++......               (no ring)
                                (no ring)
                                (no ring)
                                (no ring)

@: not resistant to hostile enchantments, stealthy
A: almost no armour, amphibious, 8 rings, constrict 8, camouflage 1, gelatinous
body 1
a: no special abilities


You were on level 3 of the Dungeon.
You were not hungry.

You visited 1 branch of the dungeon, and saw 3 of its levels.

You collected 8 gold pieces.

Inventory:

Hand Weapons
 a - a +0 short sword (weapon)
 r - a +0 blowgun
Missiles
 l - 19 sling bullets
 m - 51 stones (quivered)
 s - 21 poisoned needles
Wands
 b - a wand of flame (13)
 c - a wand of enslavement (15)
 d - a wand of random effects (15)
Scrolls
 f - a scroll of amnesia {unknown}
 n - a scroll of fog {unknown}
 q - a scroll of teleportation {unknown}
Potions
 h - a potion of lignification {unknown}
 i - a potion of brilliance {unknown}
 j - a potion of curing {unknown}
 k - a potion of degeneration {unknown}
 o - a potion of heal wounds {unknown}
 p - a potion of haste {unknown}
Comestibles
 e - a bread ration
 g - a beef jerky


   Skills:
 - Level 1.0 Fighting
 - Level 1.0 Short Blades
 - Level 2.0 Dodging
 + Level 3.8 Stealth
 + Level 4.1 Evocations


You had 2 spell levels left.
You didn't know any spells.

Dungeon Overview and Level Annotations

Branches:
Dungeon (3/15)

Altars:

Annotations:
D:3 M4edhros's ghost, amateur OpAr


Innate Abilities, Weirdness & Mutations

You cannot wear most types of armour.
You are amphibious.
You can wear up to eight rings at the same time.
You can use your tentacles to constrict eight enemies at once.
Your skin changes colour to match your surroundings (Stealth).
Your rubbery body absorbs attacks (AC +1).


Message History

m - 51 stones (gained 1) M4edhros's ghost (amateur Octopode Artificer) comes into view.
It is wielding a weapon of chaos.
Found a metallic blue potion and a scroll labeled ZATERO XAQU.
M4edhros's ghost is nearby!
M4edhros's ghost hits you!
Found a stone staircase leading up.
M4edhros's ghost is nearby!
You hit M4edhros's ghost.
M4edhros's ghost is lightly damaged.
M4edhros's ghost barely misses you.
You barely miss M4edhros's ghost. Your squeeze misses M4edhros's ghost.
M4edhros's ghost is lightly damaged.
M4edhros's ghost barely misses you. M4edhros's ghost hits you.
* * * LOW HITPOINT WARNING * * *
x2
There is a stone staircase leading up here.
Drink which item? (? for menu, Esc to quit)
Okay, then.
M4edhros's ghost hits you.
You die...

#?... ## #..... #. #....
####.##...# #####
..........# #...#
....!.....####.#.#
.............##.#.#
..........W.#.##.#.#
#.......#@..#......#
##.......#.#.######.#
...........#........#
..........#.#####..#
##........##.# #..#
#<........##.# #..#####
##........##.#
###......# #...####. .#
#......#.#
#...###########.######.#


You could see M4edhros's ghost.

Vanquished Creatures
  An adder (D:2)
  2 worms
  2 ball pythons (D:2)
  3 goblins (D:1)
  5 hobgoblins
  4 jackals (D:1)
  5 kobolds
  5 bats
  2 giant cockroaches (D:1)
  3 rats
32 creatures vanquished.

Notes
Turn   | Place    | Note
--------------------------------------------------------------
     0 | D:1      | M4edhros the Octopode Artificer began the quest for the Orb.
     0 | D:1      | Reached XP level 1. HP: 13/13 MP: 3/3
   118 | D:1      | Reached XP level 2. HP: 11/18 MP: 4/4
   485 | D:2      | Reached XP level 3. HP: 19/23 MP: 5/5
   606 | D:2      | Reached skill level 4 in Evocations
   773 | D:3      | Noticed M4edhros's ghost (amateur OpAr)
   780 | D:3      | Slain by M4edhros's ghost

Vault maps used:
D:1:      dpeg_arrival_line_fractal
D:2:      makhleb_altar_promises_db, overflow_temple_1_default
D:3:      first_bread

Action                   || total
-------------------------++-------
Melee: Short sword       ||    80
Evoke: Wand              ||     2
 Stab: Sleeping          ||     7
